 Dungeon Crawl Stone Soup version 0.27-a0-1548-gf8a67e7463 (webtiles) character file.

Game seed: 4524737216490608862

273 lunkers the Insei (level 6, -3/64 HPs)
             Began as a Djinni Warper on July 13, 2021.
             Slain by a wyvern (13 damage)
             ... on level 4 of the Dungeon.
             The game lasted 00:03:11 (3097 turns).

lunkers the Insei (Djinni Warper)                   Turns: 3097, Time: 00:03:12

Health: -3/64      AC: 23    Str: 11    XL:     6   Next: 48%
Gold:   117        EV:  2    Int: 22    God:
                   SH:  0    Dex: 12

rFire    . . .     SeeInvis .     - Unarmed
rCold    . . .     Faith    .   (no shield)
rNeg     + + +     Spirit   .   (armour currently unavailable)
rPois    ∞         Reflect  .   (helmet currently unavailable)
rElec    .         Harm     .   (cloak currently unavailable)
rCorr    .         Rampage  .   (gloves currently unavailable)
Will     .....     NoTele   +   (boots unavailable)
Stlth    +.........             (no amulet)
HPRegen  0.20/turn              k - +6 ring of intelligence
MPRegen  0.00/turn              (no ring)

@: tree-form
A: stationary, stasis, torment immunity, boosted hp, sickness immunity, (fire
resistance 2), (cold vulnerability 1), float, innate caster, hp casting, extra
vitality 1
a: no special abilities


You were on level 4 of the Dungeon.
You were a tree.
You visited 1 branch of the dungeon, and saw 4 of its levels.

You collected 117 gold pieces.

Inventory:

Missiles
 c - 5 boomerangs of dispersal
 d - 117 stones (quivered)
Armour
 b - a +0 helmet (melded)
 f - a scarf of shadows (melded)
 i - a +0 pair of gloves (melded)
 l - a +0 ring mail (melded)
 o - a +0 scale mail
Jewellery
 a - a ring of wizardry
 k - a +6 ring of intelligence (left branch)
Scrolls
 e - a scroll of magic mapping {unknown}
 g - a scroll of silence {unknown}
 h - a scroll of summoning {unknown}
 n - 2 scrolls of identify
 p - a scroll of teleportation {unknown}
Potions
 m - 2 potions of mutation
 q - a potion of curing {unknown}
 r - a potion of degeneration {unknown}


   Skills:
 - Level 2.0 Fighting
 - Level 0.7 Throwing
 - Level 1.0 Armour
 - Level 2.1 Dodging
 * Level 5.3 Unarmed Combat
 + Level 3.5 Spellcasting


You couldn't memorise any spells.
You knew the following spells:

 Your Spells              Type           Power      Damage    Failure   Level
a - Ensorcelled Hibernat  Hex/Ice        38%        N/A       4%          2
b - Lesser Beckoning      Tloc           9%         N/A       9%          3
c - Gell's Gravitas       Tloc           9%         N/A       9%          3
d - Teleport Other        Tloc           19%        N/A       9%          3
e - Manifold Assault      Tloc           19%        N/A       58%         5
p - Blink                 Tloc           N/A        N/A       4%          2
w - Animate Skeleton      Necr           38%        N/A       2%          1
Your spell library was empty.

Dungeon Overview and Level Annotations

Branches:
Dungeon (4/15)
 Temple: D:4-7

Altars:
Wu Jian

Shops:
D:3 [


Innate Abilities, Weirdness & Mutations

You are a tree.
Your roots penetrate the ground, keeping you stationary.
You cannot be teleported.
You are immune to unholy pain and torment.
Your maximum health is greatly increased.
Your equipment is partially melded.
You are immune to sickness and miasma.
You are immune to poison.
((Your flesh is very heat resistant. (rF++)))
((You are vulnerable to cold. (rC-)))
You float through the air rather than walking.
You learn spells naturally, not from books.
Your magical power is your life essence.
You have superior vitality. (+4 HP)


Message History

You have reached level 5!
The power to cast Ensorcelled Hibernation wells up from within.
Spell assigned to 'a'.
You have reached level 6!
Your experience leads to an increase in your attributes!
Your base attributes are Str 10, Int 16, Dex 12.
Increase (S)trength, (I)ntelligence, or (D)exterity?
You feel stronger.
The wyvern hisses angrily.
You hit the phantom.
The phantom is heavily damaged.
The howler monkey skeleton hits you but does no damage.
The phantom hits you but does no damage.
You hit the phantom.
The phantom is severely damaged.
The howler monkey skeleton hits you but does no damage.
The phantom hits you but does no damage.
You smack the phantom!
You destroy the phantom!
The howler monkey skeleton hits you but does no damage.
Your Unarmed Combat skill increases to level 5!
You cannot move.
You smack the howler monkey skeleton!
You punch the howler monkey skeleton.
You destroy the howler monkey skeleton!
You hit the wyvern.
The wyvern is moderately wounded.
The wyvern bites you!
* * * LOW HITPOINT WARNING * * *
The wyvern bites you but does no damage.
You barely miss the wyvern.
The wyvern is moderately wounded.
The wyvern bites you but does no damage.
You hit the wyvern.
The wyvern is moderately wounded.
The wyvern bites you but does no damage.
You hit the wyvern.
The wyvern is moderately wounded.
The wyvern bites you but does no damage.
The wyvern bites you!
You die...

####### ####
##.....#.....
##....♣(..!...
#.....l.......
#....(........
#.............
#.............
########.............
.##....................
......<................
..........##.....#^.


You could see a wyvern.

Vanquished Creatures
  A water moccasin (D:4)
  A phantom (D:4)
  2 adders
  A howler monkey skeleton (D:4)
  A worm (D:2)
  2 dart slugs
  4 orcs (D:3)
  5 ball pythons
  3 bats (D:3)
  3 endoplasms
  2 giant cockroaches
  7 goblins
  3 hobgoblins
  9 jackals
  2 frilled lizards
  5 kobolds
  5 rats
56 creatures vanquished.

Notes
Turn   | Place    | Note
-------+----------+-------------------------------------------
     0 | D:1      | lunkers the Djinni Warper began the quest for the Orb.
     0 | D:1      | Reached XP level 1. HP: 18/18 MP: 0/0
   235 | D:1      | Reached XP level 2. HP: 21/23 MP: 0/0
   521 | D:1      | Found a faded altar of an unknown god.
   538 | D:1      | Reached XP level 3. HP: 28/28 MP: 0/0
   538 | D:1      | Learned a level 1 spell: Animate Skeleton
   773 | D:1      | Reached skill level 3 in Unarmed Combat
  2173 | D:3      | Reached XP level 4. HP: 33/33 MP: 0/0
  2464 | D:3      | Found an ornate altar of the Wu Jian Council.
  2835 | D:3      | Found Cisk's Armour Shoppe.
  2907 | D:4      | Noticed a wyvern
  3063 | D:4      | Noticed a phantom
  3081 | D:4      | Noticed a water moccasin
  3089 | D:4      | Killed a water moccasin
  3090 | D:4      | Reached skill level 4 in Unarmed Combat
  3090 | D:4      | Reached XP level 5. HP: 16/38 MP: 0/0
  3090 | D:4      | Learned a level 2 spell: Ensorcelled Hibernation
  3090 | D:4      | Reached XP level 6. HP: 18/43 MP: 0/0
  3093 | D:4      | Reached skill level 5 in Unarmed Combat
  3097 | D:4      | Slain by a wyvern

Illustrated notes

Levels and vault maps discovered:
D:1:      scummos_arrival_star, layout_basic, hellmonk_ecumenical_altar_lost_god
D:2:      layout_loops_corners
D:3:      layout_basic, mainiacjoe_overflow_paths, serial_shops, shop,
          chequers_garden
D:4:      layout_rooms, temple_statues

Skill      XL: |  1  2  3  4  5  6 |
---------------+-------------------+-----
Unarmed Combat | 3 4 5 |  5.3
Spellcasting   | 3 |  3.5
Fighting       | |  2.0
Throwing       | |  0.7
Armour         | |  1.0
Dodging        | |  2.1

Action                   |  1- 3 |  4- 6 || total
-------------------------+-------+-------++-------
Melee: Unarmed           |   132 |    95 ||   227
       Punch             |       |     1 ||     1
Throw: Stone             |    86 |    20 ||   106
  Use: Scroll            |       |     3 ||     3
       Potion            |       |     1 ||     1
Armor: Leather armour    |    20 |       ||    20
       Ring mail         |    14 |    16 ||    30
       Scale mail        |       |    18 ||    18
       Skin              |       |    23 ||    23
Dodge: Dodged            |    53 |    31 ||    84

Table legend: (Time is in decaauts)
 A = Elapsed time spent in this place.
 B = Non-inter-level travel time spent in this place.
 C = Inter-level travel time spent in this place.
 D = Time resting spent in this place.
 E = Time spent auto-exploring this place.
 F = Levels seen in this place.
 G = Mean time per level.
                   A        B        C        D        E       F      G
               +--------+--------+--------+--------+--------+-----+--------+
         Total |   3090 |   2895 |    195 |    164 |   2175 |   4 |  772.5 |
       Dungeon |   3090 |   2895 |    195 |    164 |   2175 |   4 |  772.5 |
               +--------+--------+--------+--------+--------+-----+--------+

Top non-repeatable levels by time:
     D:2: 1208 daAuts
     D:1: 901 daAuts
     D:3: 900 daAuts
     D:4: 79 daAuts
